 Dungeon Crawl Stone Soup version 0.22.1-2-g9c5b331 (webtiles) character file.

65 MalarOregon the Ducker (level 4, 0/32 HPs)
             Began as a Merfolk Wizard on Dec 1, 2018.
             Slain by an iguana (14 damage)
             ... on level 3 of the Dungeon.
             The game lasted 00:06:07 (2966 turns).

MalarOregon the Ducker (Merfolk Wizard)             Turns: 2966, Time: 00:06:08

Health: 0/32       AC:  2    Str:  7    XL:     4   Next: 14%
Magic:  5/8        EV: 13    Int: 18    God:
Gold:   104        SH:  0    Dex: 12    Spells: 1/9 levels left

rFire    + . .     SeeInvis .   n - +0 spear
rCold    + . .     Gourm    .   (no shield)
rNeg     . . .     Faith    .   a - +0 robe
rPois    .         Spirit   .   b - +0 hat
rElec    .         Reflect  .   l - scarf {rC+ rF+}
rCorr    .         Harm     .   (no gloves)
MR       .....                  (no boots)
Stlth    ++........             (no amulet)
HPRegen  0.10/turn              (no ring)
MPRegen  0.11/turn              (no ring)

@: very slightly contaminated
A: change form in water, swift swim, stealthy swim
a: no special abilities


You were on level 3 of the Dungeon.
You were not hungry.

You visited 1 branch of the dungeon, and saw 3 of its levels.

You collected 104 gold pieces.

Inventory:

Hand Weapons
 n - a +0 spear (weapon)
   (You found it on level 2 of the Dungeon)
Armour
 a - a +0 robe (worn)
 b - a +0 hat (worn)
 g - a +0 buckler
   (You found it on level 1 of the Dungeon)
 l - a scarf of resistance (worn)
   (You found it on level 2 of the Dungeon)
 m - a +1 ring mail of poison resistance
   (You found it on level 2 of the Dungeon)
Scrolls
 c - a scroll of enchant weapon {unknown}
 d - a scroll of identify {unknown}
 f - a scroll of enchant armour {unknown}
 h - a scroll of blinking {unknown}
 i - a scroll of teleportation {unknown}
 k - a scroll of random uselessness {unknown}
 o - a scroll of magic mapping {unknown}
Potions
 j - a potion of brilliance {unknown}
 p - a potion of curing {unknown}
Comestibles
 e - 7 rations {!d}
 q - 2 chunks of flesh


   Skills:
 * Level 1.3 Fighting
 * Level 1.1 Polearms
 * Level 3.3 Dodging
 - Level 2.1 Stealth
 * Level 1.3 Shields
 * Level 3.2 Spellcasting
 + Level 1.2 Conjurations
 + Level 1.0 Summonings
 + Level 0.8 Translocations
 + Level 0.2 Air Magic
 + Level 0.7 Poison Magic


You had one spell level left.
You knew the following spells:

 Your Spells              Type           Power        Failure   Level  Hunger
a - Magic Dart            Conj           #...         10%         1    None
b - Blink                 Tloc           N/A          17%         2    ##.....
f - Mephitic Cloud        Conj/Pois/Air  #.......     34%         3    ###....
x - Call Imp              Summ           #.......     16%         2    ##.....

Your spell library contained the following spells:

 Spells                   Type           Power        Failure   Level  Hunger
 Slow                     Hex            #.......     24%         2    ##.....
 Conjure Flame            Conj/Fire      #.......     36%         3    ###....


Dungeon Overview and Level Annotations

Branches:
Dungeon (3/15)

Altars:
Makhleb


Message History

You closely miss the jackal. The jackal closely misses you.
You closely miss the jackal. The jackal barely misses you.
You hit the jackal. The jackal barely misses you.
Your crimson imp closely misses the jackal.
Your crimson imp blinks!
The jackal misses you.
You hit the jackal.
Your crimson imp completely misses the jackal.
The jackal barely misses you.
Your crimson imp misses the jackal.
You hit the jackal.
You kill the jackal!
You swap places.
You see here a jackal corpse.
You see here a dagger.
Your crimson imp disappears in a puff of smoke!
You see here a rat corpse.
You butcher the rat corpse.
q - a chunk of flesh You see here a rat skeleton.
Your crimson imp disappears in a puff of smoke!
You see here a dagger.
Your magical contamination has completely faded away.
You see here a jackal corpse.
You butcher the jackal corpse.
q - 3 chunks of flesh (gained 2)
You start resting.
You start resting.
Eating one of 3 chunks of flesh.
You eat one of the 3 chunks of flesh.
Found a stone staircase leading down.
There is a stone staircase leading down here.
An iguana comes into view.
The iguana hisses angrily.
Attack whom?
Aim: an iguana You reach to attack!
You hit the iguana but do no damage.
Attack whom?
Aim: an iguana You reach to attack!
You closely miss the iguana. You hit the iguana. The iguana bites you.
Aim: an iguana (lightly wounded)
The magic dart hits the iguana.
The iguana hisses menacingly.
The iguana bites you!
* * * LOW HITPOINT WARNING * * *
You miscast Call Imp.
You are very lightly contaminated with residual magic.
Nothing appears to happen.
The iguana closely misses you.
Unknown command.
The iguana bites you!
You die...

#..#### #####.#
##....####.....#
#.............#
#.............#
#.÷.≈....≈....#
####........(...#
#.......≈≈....###
..........≈≈....#
###.........@...##
#.....≈.(l.≈...#
#..............#
#..............#
.........###....#
########## ######


You could see an iguana.

Vanquished Creatures
  2 dart slugs (D:1)
  An orc (D:2)
  A giant cockroach (D:1)
  4 goblins
  5 hobgoblins
  3 jackals
  A quokka (D:2)
  5 bats
  3 frilled lizards
  7 kobolds
  2 rats
34 creatures vanquished.

Vanquished Creatures (collateral kills)
  An orc priest (D:3)
  A worm (D:3)
  2 orcs (D:2)
  A hobgoblin (D:2)
  3 jackals
  A rat (D:3)
9 creatures vanquished.

Grand Total: 43 creatures vanquished

Notes
Turn   | Place    | Note
-------+----------+-------------------------------------------
     0 | D:1      | MalarOregon the Merfolk Wizard began the quest for the Orb.
     0 | D:1      | Reached XP level 1. HP: 13/13 MP: 4/4
   299 | D:1      | Reached skill level 1 in Conjurations
   299 | D:1      | Reached XP level 2. HP: 14/20 MP: 0/6
   397 | D:1      | Learned a level 2 spell: Call Imp
   411 | D:1      | Learned a level 2 spell: Blink
  1264 | D:2      | Reached skill level 1 in Shields
  1312 | D:2      | Reached skill level 1 in Fighting
  1402 | D:2      | Reached XP level 3. HP: 26/26 MP: 5/7
  1426 | D:2      | Learned a level 3 spell: Mephitic Cloud
  2712 | D:3      | Reached skill level 1 in Polearms
  2712 | D:3      | Reached XP level 4. HP: 30/32 MP: 2/8
  2762 | D:3      | Found a burning altar of Makhleb.
  2966 | D:3      | Slain by an iguana

Skill      XL: |  1  2  3 |
---------------+----------+-----
Conjurations   | 1 |  1.2
Dodging        | 3 |  3.3
Shields        | 1 |  1.3
Fighting       | 1 |  1.3
Polearms       | 1 |  1.1
Stealth        | |  2.1
Spellcasting   | |  3.2
Summonings     | |  1.0
Translocations | |  0.8
Air Magic      | |  0.2
Poison Magic   | |  0.7

Action                   |  1- 3 |  4- 6 || total
-------------------------+-------+-------++-------
Melee: Short sword       |    18 |       ||    18
       Spear             |    33 |    19 ||    52
 Cast: Magic Dart        |    61 |     4 ||    65
       Call Imp          |     4 |     4 ||     8
 Stab: Sleeping          |     2 |       ||     2
  Eat: Chunk             |     6 |     1 ||     7
Armor: Robe              |     6 |     2 ||     8
Dodge: Dodged            |    55 |    17 ||    72
